 Dungeon Crawl Stone Soup version 0.22-a0-282-gdd34a7d (console) character file.

1879302 removed the Heavyweight Champion (level 27, 433/471 HPs)
             Began as a Troll Necromancer on Mar 17, 2018.
             Was the Champion of Qazlal.
             Escaped with the Orb
             ... and 3 runes!
             The game lasted 02:53:49 (66953 turns).

removed the Heavyweight Champion (TrNe)            Turns: 66953, Time: 02:53:50

Health: 433/471    AC: 34    Str: 36    XL:     27
Magic:  31/38      EV: 16    Int: 11    God:    Qazlal [******]
Gold:   3367       SH: 31    Dex: 14    Spells: 26/28 levels left

rFire    + + +     SeeInvis +     - Unarmed
rCold    . . .     Gourm    +   f - +2 shield of Resistance {rF+ rC+ MR+}
rNeg     + . .     Faith    .   O - +10 storm dragon scales
rPois    .         Spirit   .   a - +0 mask of the Dragon {MR+ Slay+3 SInv}
rElec    +         Reflect  +   g - +2 cloak {MR+}
rCorr    .         Harm     .   (gloves unavailable)
MR       +++++                  (boots unavailable)
Stlth    ..........             H - +6 amulet of reflection
HPRegen  1.28/turn              p - ring "Ciciedgho" {Fire Dex+2 Slay+6}
MPRegen  0.26/turn              V - ring "Itakuj" {+Fly rN+ MR+ Slay+6}

@: mighty, berserking, mildly poisoned (433 -> 433), repel missiles, very quick
A: large, unfitting armour, claws 3, see invisible, fire resistance 1, fast
metabolism 3, gourmand, high mp 1, regeneration 1, shaggy fur 1, tough skin 2,
wild magic 1, sturdy frame 1
0: Orb of Zot
}: 3/15 runes: decaying, serpentine, silver
a: Upheaval, Elemental Force, Disaster Area, Renounce Religion, Evoke Flight


You escaped.
You worshipped Qazlal.
Qazlal was exalted by your worship.
You were not hungry.

You visited 12 branches of the dungeon, and saw 54 of its levels.
You visited the Abyss 2 times.
You visited 1 bazaar.
You also visited: Trove, Sewer, Ossuary, Ice Cave and Wizlab.

You collected 9336 gold pieces.
You spent 5969 gold pieces at shops.

Inventory:

Hand Weapons
 R - the +9 triple sword "Yboagon" {slice, rC+ Stlth+}
   (You took it off a green draconian on level 4 of the Realm of Zot)

   It inflicts extra damage upon your enemies.
   It protects you from cold.
   It makes you more stealthy.
 X - a +0 blowgun
Missiles
 y - 4 throwing nets (quivered)
 C - 14 curare-tipped needles
Armour
 a - the +0 mask of the Dragon (worn) {MR+ Slay+3 SInv}
   (You found it on level 3 of the Elven Halls)

   It affects your accuracy and damage with ranged weapons and melee attacks
   (+3).
   It affects your resistance to hostile enchantments.
   It lets you see invisible.
 f - the +2 shield of Resistance (worn) {rF+ rC+ MR+}
   (You found it on level 5 of the Vaults)

   It protects you from fire.
   It protects you from cold.
   It affects your resistance to hostile enchantments.
 g - a +2 cloak of magic resistance (worn)
 O - +10 storm dragon scales (worn)
Jewellery
 p - the ring "Ciciedgho" (left claw) {Fire Dex+2 Slay+6}
   (You took it off a frost giant on level 5 of the Vaults)

   [ring of fire]

   It enhances your fire magic.
   It affects your dexterity (+2).
   It affects your accuracy and damage with ranged weapons and melee attacks
   (+6).
   It protects you from fire.
   It makes you vulnerable to cold.
 A - the ring of Bikin {rF+ rC+ rN+ Dex+6}
   (You found it on level 3 of the Crypt)

   [ring of protection from cold]

   It affects your dexterity (+6).
   It protects you from fire.
   It protects you from cold.
   It protects you from negative energy.
 H - a +6 amulet of reflection (around neck)
 V - the ring "Itakuj" (right claw) {+Fly rN+ MR+ Slay+6}
   (You bought it in a shop in a bazaar)

   [ring of positive energy]

   It affects your accuracy and damage with ranged weapons and melee attacks
   (+6).
   It protects you from negative energy.
   It affects your resistance to hostile enchantments.
   It lets you fly.
 W - the ring "Zeocyewum" {rElec rF+ Str+3 SInv Stlth-}
   (You took it off a deep elf high priest on level 4 of the Vaults)

   [ring of see invisible]

   It affects your strength (+3).
   It protects you from fire.
   It insulates you from electricity.
   It lets you see invisible.
   It makes you less stealthy.
Wands
 i - a wand of acid (25)
 t - a wand of scattershot (4)
 v - a wand of paralysis (10)
 G - a wand of clouds (9)
 J - a wand of digging (20)
 N - a wand of polymorph (96)
 T - a wand of random effects (28)
 U - a wand of iceblast (60)
Scrolls
 b - 3 scrolls of holy word
 e - 12 scrolls of teleportation
 h - 9 scrolls of enchant weapon
 k - 25 scrolls of remove curse
 n - 13 scrolls of amnesia
 s - 4 scrolls of blinking
 w - 12 scrolls of fog
 B - 2 scrolls of magic mapping
 D - 2 scrolls of enchant armour
 I - 3 scrolls of fear
 M - 19 scrolls of identify
 Q - 3 scrolls of summoning
Potions
 j - 6 potions of agility
 l - 28 potions of curing
 o - 18 potions of brilliance
 q - 6 potions of mutation
 r - a potion of invisibility
 u - 7 potions of might
 x - 3 potions of ambrosia
 z - 11 potions of flight
 E - 2 potions of magic
 F - a potion of lignification
 K - 5 potions of haste
 L - a potion of berserk rage
 P - 5 potions of resistance
 S - 18 potions of heal wounds
 Y - 2 potions of cancellation
Miscellaneous
 m - a lamp of fire
 Z - a phantom mirror
Comestibles
 c - 61 rations


   Skills:
 - Level 25.0 Fighting
 - Level 16.1 Armour
 - Level 15.0 Dodging
 - Level 1.0 Stealth
 - Level 15.0 Shields
 O Level 27 Unarmed Combat
 - Level 1.2 Spellcasting
   Level 3.2 Necromancy
 + Level 17.6 Invocations


You had 26 spell levels left.
You knew the following spells:

 Your Spells              Type           Power        Failure   Level  Hunger
l - Blink                 Tloc           N/A          77%         2    ###....


Dungeon Overview and Level Annotations

Branches:
Dungeon (15/15)            Temple (1/1) D:6            Lair (6/6) D:8
  Swamp (4/4) Lair:4        Snake (4/4) Lair:3        Slime (0/5) Lair:5
    Orc (2/2) D:10            Elf (3/3) Orc:2        Vaults (5/5) D:14
  Crypt (3/3) Vaults:2       Tomb (0/3) Crypt:3      Depths (5/5) D:15
   Hell (1/1)                 Dis (0/7) Hell            Geh (0/7) Hell
    Coc (0/7) Hell            Tar (0/7) Hell            Zot (5/5) Depths:5

Altars:
Ashenzari
Cheibriados
Dithmenos
Elyvilon
Fedhas
Gozag
Hepliaklqana
Kikubaaqudgha
Makhleb
Nemelex Xobeh
Okawaru
Qazlal
Ru
Sif Muna
Trog
Uskayaw
Vehumet
Wu Jian
Xom
Yredelemnul
Zin
The Shining One
Beogh
Jiyva

Shops:
D:10 =   Orc:1 (   Orc:2 ([%*(*:[   Vaults:2 *   Vaults:4 =(!   Depths:4 (

Portals:
Hell: Depths:1 Depths:2 Depths:3 Depths:4 Depths:5
Abyss: Depths:4
Pandemonium: Depths:3 Depths:5
Ziggurat: Depths:2

Annotations:
Elf:2 3 runed doors


Innate Abilities, Weirdness & Mutations

You are too large for most types of armour.
You have claws for hands.
Your metabolism is lightning-fast.
You like to eat raw meat.
Your natural rate of healing is unusually fast.
You are covered in fur. (AC +1)
You have very tough skin. (AC +2)
You have supernaturally acute eyesight. (SInv)
Your flesh is heat resistant. (rF+)
You have an increased reservoir of magic. (+10% MP)
Your spells are a little harder to cast, but a little more powerful.
Your movements are slightly less encumbered by armour. (ER -2)


Message History

The sixfirhy is engulfed in blazing flames. x3
You claw the sixfirhy!
The sixfirhy is severely wounded.
The sixfirhy is engulfed in blazing flames. x4
You kill the sixfirhy!
Qazlal accepts your kill.
You feel sick.
You feel sick.
There is a staircase leading out of the dungeon here.
Nature churns violently around you!
Unknown command.
Unknown command.
Unknown command.
Unknown command.
Unknown command.
A red film seems to cover your vision as you go berserk!
You feel yourself moving faster!
You feel mighty!
You feel a strong urge to attack something.
You feel sick.
You have escaped!

#....§≈§§.....#
#.....
###...§..§.^###
###.##
#..#.§.#..#
#######.##
#...§§.≈≈.#
#........#
#...§..≈.≈#
#........#
#..#...#≈.#
#........#
#..§§§....#
#........#
#....§.§§.#
#........#
#...§@....#
#........#
###########
#.......[#
#......).+
#........#
##########


There were no monsters in sight!

Vanquished Creatures
  7 ancient liches
  4 orbs of fire (Zot:5)
  Mara (Crypt:3)
  A juggernaut (Depths:3)
  Sojobo (Crypt:2)
  Boris (Vaults:4)
  Bai Suzhen (Depths:2)
  Geryon (Hell)
  11 caustic shrikes
  Xtahua (Vaults:5)
  Saint Roka (Vaults:1)
  A curse toe (Zot:2)
  13 golden dragons
  5 Killer Klowns
  3 pandemonium lords
  Nikola (Elf:2)
  A bone dragon (Abyss:2)
  Jory (Vaults:4)
  2 profane servitors
  3 electric golems
  A Tzitzimitl (D:15)
  Jorgrun (Crypt:2)
  2 Hell Sentinels
  6 liches
  31 Orb Guardians
  15 tentacled monstrosities
  A deep elf master archer (Elf:3)
  13 quicksilver dragons
  7 ancient champions
  9 death cobs
  7 titans
  2 deep elf blademasters (Elf:3)
  4 tentacled starspawn
  8 sphinxes
  2 thorn hunters (Swamp:4)
  18 storm dragons
  14 tengu reavers
  Kirke (Snake:4)
  5 revenants
  11 shadow dragons
  Donald (Orc:1)
  5 draconian monks
  The ghost of Arum the Fighter, an adept GnWn of Okawaru (Elf:1)
  8 fire giants
  9 nagarajas
  7 deep elf sorcerers
  5 draconian scorchers
  A ghost moth (Zot:5)
  13 frost giants
  2 orc warlords (Orc:2)
  9 draconian knights
  2 balrugs (Hell)
  12 vault wardens
  2 draconian shifters
  11 deep elf elementalists
  A juggernaut zombie (Crypt:2)
  3 draconian annihilators
  A cacodemon (D:15)
  2 curse skulls (Vaults:2)
  2 reapers
  10 very ugly things
  A stone giant (shapeshifter) (Depths:2)
  8 ghouls
  2 draconian stormcallers
  8 war gargoyles
  16 ironheart preservers
  4 spriggan defenders
  21 stone giants
  12 black draconians
  10 entropy weavers
  8 vampire knights
  4 green draconians
  10 deep elf demonologists
  11 deep elf annihilators
  3 lorocyprocas
  10 white draconians
  26 purple draconians
  9 red draconians
  An orange crystal statue (WizLab)
  10 yellow draconians
  A spark wasp (Depths:4)
  13 ettins
  12 deep elf death magi
  An eidolon (Abyss:2)
  A blizzard demon (Depths:5)
  A merfolk javelineer (Depths:4)
  Josephine (Orc:1)
  A green death (Hell)
  2 mummy priests (Crypt:3)
  21 jiangshi
  13 fire dragons
  10 deep elf high priests
  2 quicksilver dragon zombies (Crypt:1)
  8 great orbs of eyes
  26 yaktaur captains
  11 ice dragons
  8 rakshasas
  A quicksilver dragon skeleton (Crypt:1)
  21 hydras
  6 ghost crabs
  32 vault guards
  12 anacondas
  An anaconda (shapeshifter) (Depths:2)
  A monstrous demonspawn (Depths:2)
  Harold (Orc:1)
  6 spriggan air magi
  Erica (D:9)
  18 naga warriors
  9 ogre magi
  8 alligators
  5 death knights
  16 centaur warriors
  14 dancing weapons
  21 two-headed ogres
  10 deep troll shamans
  3 tengu warriors
  A queen ant (Lair:3)
  9 hell hogs
  A death yak (Lair:5)
  9 thrashing horrors
  15 deep troll earth magi
  6 sun demons (Depths:5)
  8 vampire magi
  4 orc high priests
  5 naga sharpshooters (Snake:4)
  2 iron golems (Depths:5)
  3 spriggan berserkers
  12 shock serpents
  9 soul eaters
  8 skeletal warriors
  2 wretched stars
  14 deep elf knights
  5 fire crabs (Lair:4)
  A salamander mystic (Snake:4)
  4 sixfirhies
  A sea snake (shapeshifter) (Vaults:5)
  10 flayed ghosts
  4 shadow wraiths
  42 deep trolls
  20 hell knights
  6 unseen horrors
  The ghost of Hook the Magician, a novice DsTm of Wu Jian (D:8)
  The ghost of neds the Magician, a novice GnFE of Okawaru (D:7)
  A ghost moth zombie (Hell)
  13 sea snakes
  18 large abominations
  A wizard (Vaults:2)
  5 iron trolls
  11 swamp dragons
  A shadow dragon zombie (Crypt:1)
  A storm dragon skeleton (Crypt:3)
  11 deep elf archers
  A golden dragon zombie (Crypt:3)
  3 shambling mangroves
  7 phantasmal warriors
  14 harpies
  A lindwurm (Lair:6)
  A shadow demon (D:15)
  4 glowing orange brains
  15 orc knights
  4 spriggan druids
  55 deep elf magi
  12 naga ritualists
  A sphinx zombie (Vaults:1)
  A wolf spider zombie (D:15)
  14 necromancers
  A lindwurm (shapeshifter) (Vaults:5)
  A shadow dragon skeleton (Crypt:3)
  10 ironbrand convokers
  A mana viper (shapeshifter) (Vaults:5)
  2 stone giant zombies
  An oklob plant (Lair:2)
  8 orc sorcerers
  35 ugly things
  11 mana vipers
  4 wolf spiders
  5 elephants (Lair:6)
  A frost giant zombie (Crypt:1)
  A wolf spider (shapeshifter) (Vaults:2)
  A fire giant zombie (Crypt:3)
  3 manticores
  8 salamanders
  8 cyclopes
  23 moths of wrath
  A stone giant skeleton (Vaults:2)
  2 worldbinders
  A moth of wrath (shapeshifter) (Vaults:5)
  12 rust devils
  14 vault sentinels
  A water nymph (shapeshifter) (Vaults:5)
  6 guardian serpents
  A frost giant skeleton (Crypt:3)
  An ice statue (IceCv)
  2 apocalypse crabs
  35 black mambas
  An eye of devastation (shapeshifter) (Vaults:5)
  3 molten gargoyles (Lair:6)
  23 naga magi
  A dire elephant skeleton (Crypt:1)
  A shock serpent zombie (Abyss:2)
  A spiny frog (shapeshifter) (Depths:1)
  2 smoke demons
  14 spiny frogs
  A rime drake (shapeshifter) (Depths:5)
  2 hellions
  3 orange demons
  An efreet (D:11)
  9 ice devils
  A kobold demonologist (D:12)
  15 freezing wraiths
  An orc skeleton (Vaults:2)
  3 rime drakes
  2 tormentors (Hell)
  An anaconda simulacrum (Hell)
  40 yaktaurs
  A ghost moth simulacrum (Hell)
  2 ancient zymes
  10 komodo dragons
  5 hellwings (Abyss:2)
  4 hydra zombies
  2 guardian mummies (Crypt:3)
  A purple draconian skeleton (Crypt:2)
  5 tengu conjurers
  A queen ant zombie (Crypt:1)
  A demonic crawler (Depths:5)
  16 polar bears (IceCv)
  5 red devils
  5 trolls
  19 hornets
  2 tyrant leeches
  A snapping turtle (shapeshifter) (Depths:2)
  7 blink frogs
  A stone giant simulacrum (Depths:2)
  2 alligator zombies (Hell)
  3 bog bodies
  A blink frog (shapeshifter) (Depths:4)
  32 slime creatures
  3 hydra skeletons
  A guardian serpent zombie (Crypt:2)
  4 raiju (Abyss:2)
  2 frost giant simulacra
  An ice dragon zombie (Crypt:1)
  2 ettin zombies
  A fire dragon zombie (Crypt:2)
  2 hippogriffs
  A spriggan zombie (Depths:2)
  9 spriggans
  24 flying skulls
  4 shadows
  5 air elementals
  7 wyverns
  Sigmund (D:5)
  A redback (Vaults:4)
  3 ice dragon skeletons
  An ettin skeleton (Vaults:2)
  4 hogs (Snake:4)
  An alligator skeleton (Crypt:1)
  An ushabti (Crypt:3)
  37 yaks
  A tarantella (shapeshifter) (Elf:2)
  3 water elementals
  21 wraiths
  A tyrant leech zombie (Crypt:1)
  Eustachio (D:5)
  16 humans
  A human (shapeshifter) (Depths:4)
  A hog (shapeshifter) (Vaults:3)
  9 fire elementals
  5 chaos spawn
  4 basilisks
  4 hungry ghosts
  3 steam dragons (Lair:6)
  2 neqoxecs
  9 wargs
  23 swamp worms
  26 vampire mosquitoes
  A warg (shapeshifter) (Depths:3)
  Menkaure (D:4)
  12 insubstantial wisps (Swamp:1)
  53 nagas
  A soldier ant (shapeshifter) (Depths:1)
  An acid dragon (shapeshifter) (Vaults:4)
  9 water moccasins
  5 soldier ants (Lair:3)
  2 spiny frog zombies
  An acid dragon (Vaults:1)
  17 hell hounds
  A spiny frog skeleton (Hell)
  A manticore zombie (Crypt:1)
  An ogre skeleton (Vaults:1)
  52 orc warriors
  8 porcupines
  9 swamp drakes
  13 ice beasts
  A sky beast (D:15)
  A black bear (shapeshifter) (Vaults:3)
  3 eyes of draining
  A swamp dragon zombie (Crypt:1)
  A black bear (D:6)
  An eye of draining (shapeshifter) (D:13)
  A fire dragon simulacrum (Crypt:3)
  A hornet zombie (D:14)
  A spriggan simulacrum (Depths:2)
  The ghost of Nr616 the Cudgeler, an amateur MiBe of Trog (D:3)
  A dream sheep zombie (Crypt:3)
  10 starcursed masses (Abyss:2)
  27 ogres
  11 necrophages
  2 phantoms
  A snapping turtle zombie (Hell)
  5 boggarts
  8 small abominations
  A hog zombie (Crypt:1)
  23 centaurs
  A human skeleton (Vaults:2)
  27 wolves
  An ogre (shapeshifter) (Depths:3)
  6 crocodiles
  A swamp dragon skeleton (Crypt:3)
  5 big kobolds
  21 bullfrogs
  3 earth elementals
  2 human zombies (Vaults:1)
  4 water moccasin zombies (Ossuary)
  An elf skeleton (Crypt:3)
  An ogre simulacrum (Vaults:1)
  5 scorpions
  2 yak zombies
  28 wights
  10 killer bees
  5 howler monkeys
  6 electric eels
  4 centaur zombies
  6 crimson imps
  5 lava snakes (Lair:6)
  A quasit (Abyss:2)
  2 bullfrog zombies
  A human simulacrum (Vaults:2)
  9 jellies
  A bullfrog skeleton (Crypt:3)
  6 hounds
  4 centaur skeletons
  27 orc priests
  33 orc wizards
  A gnoll shaman (D:8)
  9 iguanas
  3 iron imps
  21 worker ants
  9 hell rats
  An ogre zombie (Crypt:3)
  6 big kobold zombies (Ossuary)
  A demigod skeleton (Crypt:2)
  2 hound zombies
  A hound skeleton (D:7)
  13 mummies
  5 gnolls
  2 howler monkey skeletons
  7 adders
  A steam dragon zombie (Crypt:2)
  2 river rats (Lair:5)
  A steam dragon skeleton (Crypt:3)
  5 shadow imps
  12 oozes
  A halfling zombie (Crypt:3)
  An adder skeleton (D:7)
  6 adder zombies (Ossuary)
  6 worms
  4 dart slugs
  6 leopard geckos
  130 orcs
  2 ball pythons
  3 giant cockroaches
  4 gnoll zombies (Ossuary)
  8 goblins
  12 hobgoblins
  9 jackals
  4 quokkas
  11 bats
  A dart slug zombie (Crypt:2)
  4 frilled lizards
  2 hobgoblin zombies (Ossuary)
  19 kobolds
  7 kobold zombies (Ossuary)
  A leopard gecko skeleton (Crypt:1)
  4 orc zombies
  A quokka skeleton (D:4)
  A quokka zombie (D:5)
  20 rats
  8 briar patches (Swamp:4)
  2 crawling corpses (Vaults:5)
  2 fungi (Depths:5)
  2 starspawn tentacles (Abyss:2)
2811 creatures vanquished.

Vanquished Creatures (collateral kills)
  An orc warrior (Orc:2)
  An orc priest (Orc:2)
  2 orcs (Orc:2)
4 creatures vanquished.

Vanquished Creatures (others)
  A deep elf master archer (Elf:3)
  2 stone giants (Vaults:5)
  2 yaktaur captains
  2 centaur warriors
  A deep troll shaman (Depths:1)
  A hell hog (Abyss:2)
  A naga sharpshooter (Snake:1)
  2 deep elf knights (Elf:1)
  An unseen horror (shapeshifter) (Depths:3)
  3 deep elf archers
  A deep elf mage (Elf:1)
  2 moths of wrath (Zot:5)
  11 yaktaurs
  2 hornets
  A water elemental (Elf:1)
  2 spriggans
  A yak (IceCv)
  A human (Snake:4)
  A water nymph skeleton (Crypt:3)
  An ogre (Vaults:4)
  A boggart (Depths:2)
  2 centaurs (D:14)
  A scorpion (D:7)
  A quasit (Vaults:3)
  2 orc wizards
  An orc (Orc:1)
  23 fungi
  19 plants
  2 starspawn tentacles (Abyss:2)
91 creatures vanquished.

Grand Total: 2906 creatures vanquished

Notes
Turn   | Place    | Note
-------+----------+-------------------------------------------
     0 | D:1      | removed the Troll Necromancer began the quest for the Orb.
     0 | D:1      | Reached XP level 1. HP: 16/16 MP: 1/1
     0 | D:1      | Permitted gods: Qazlal, Uskayaw, Wu Jian.
    57 | D:1      | Reached skill level 1 in Unarmed Combat
   114 | D:1      | Reached XP level 2. HP: 24/24 MP: 2/2
   152 | D:1      | Reached skill level 2 in Unarmed Combat
   341 | D:1      | Reached XP level 3. HP: 31/31 MP: 3/3
   684 | D:2      | Reached skill level 3 in Unarmed Combat
   755 | D:2      | Reached XP level 4. HP: 39/39 MP: 4/4
  1131 | D:2      | Reached skill level 4 in Unarmed Combat
  1576 | D:3      | Noticed Nr616's ghost (amateur MiBe)
  1691 | D:3      | Killed Nr616's ghost
  1691 | D:3      | Reached skill level 5 in Unarmed Combat
  1691 | D:3      | Reached XP level 5. HP: 37/45 MP: 5/5
  1826 | D:3      | Found an opulent altar of Gozag.
  2075 | D:3      | Reached XP level 6. HP: 51/53 MP: 6/6
  2092 | D:3      | Reached skill level 6 in Unarmed Combat
  2548 | D:4      | Noticed Menkaure
  2559 | D:4      | Killed Menkaure
  3199 | D:4      | Reached XP level 7. HP: 49/67 MP: 7/7
  3400 | D:5      | Entered Level 5 of the Dungeon
  3856 | D:5      | Reached skill level 7 in Unarmed Combat
  3976 | D:5      | Noticed Sigmund
  3986 | D:5      | Killed Sigmund
  3986 | D:5      | Reached XP level 8. HP: 78/78 MP: 8/8
  4062 | D:5      | Reached skill level 8 in Unarmed Combat
  4234 | D:5      | Noticed Eustachio
  4254 | D:5      | Killed Eustachio
  4579 | D:6      | Reached skill level 9 in Unarmed Combat
  4784 | D:6      | Found a glowing drain.
  4819 | Sewer    | Entered a sewer
  4900 | Sewer    | Reached skill level 10 in Unarmed Combat
  4967 | Sewer    | Found a white marble altar of Elyvilon.
  5290 | D:6      | Found a staircase to the Ecumenical Temple.
  5309 | Temple   | Entered the Ecumenical Temple
  5557 | Temple   | Became a worshipper of Qazlal Stormbringer
  5695 | D:6      | Noticed a hippogriff
  5702 | D:6      | Killed a hippogriff
  5702 | D:6      | Reached skill level 5 in Fighting
  5702 | D:6      | Reached XP level 9. HP: 88/88 MP: 9/9
  5901 | D:7      | Noticed neds's ghost (novice GnFE)
  6288 | D:7      | Reached * piety under Qazlal
  6665 | D:7      | Killed neds's ghost
  6728 | D:7      | Reached XP level 10. HP: 101/106 MP: 10/10
  6818 | D:7      | Found a glowing golden altar of the Shining One.
  6827 | D:7      | Found a basalt altar of Yredelemnul.
  6829 | D:7      | Noticed a profane servitor
  6842 | D:7      | Noticed an angel
  7390 | D:8      | Found a sand-covered staircase.
  7435 | D:8      | Reached skill level 11 in Unarmed Combat
  7454 | Ossuary  | Entered an ossuary
  7561 | Ossuary  | Reached ** piety under Qazlal
  7624 | Ossuary  | Reached skill level 1 in Invocations
  7765 | D:8      | Noticed Hook's ghost (novice DsTm)
  7807 | D:8      | Killed Hook's ghost
  7901 | D:8      | Noticed a two-headed ogre
  7909 | D:8      | Killed a two-headed ogre
  8039 | D:8      | You fall through a shaft!
  8065 | D:9      | Reached skill level 12 in Unarmed Combat
  8122 | D:9      | Reached *** piety under Qazlal
  8334 | D:9      | Found a white marble altar of Elyvilon.
  8558 | D:8      | Found a staircase to the Lair.
  8853 | D:9      | Reached XP level 11. HP: 110/113 MP: 4/13
  8874 | D:9      | Noticed Erica
  8890 | D:9      | Killed Erica
  9019 | D:9      | Reached **** piety under Qazlal
  9260 | D:9      | Found a hide-covered altar of Uskayaw.
  9264 | D:9      | Found a blossoming altar of Fedhas.
  9264 | D:9      | Found an opulent altar of Gozag.
  9275 | D:9      | Found a sparkling altar of Nemelex Xobeh.
  9278 | D:9      | Found an ornate altar of the Wu Jian Council.
  9344 | D:9      | You fall through a shaft for 2 floors!
  9421 | D:11     | Reached skill level 10 in Fighting
  9559 | D:10     | Entered Level 10 of the Dungeon
  9559 | D:10     | Found Reahuer's Jewellery Shoppe.
  9781 | D:10     | Killed an unseen horror
  9781 | D:10     | Reached skill level 13 in Unarmed Combat
 10143 | D:10     | Reached ***** piety under Qazlal
 10144 | D:10     | Noticed an orc knight
 10185 | D:10     | Killed an orc knight
 10623 | D:10     | Found a staircase to the Orcish Mines.
 10832 | D:11     | Reached skill level 14 in Unarmed Combat
 10946 | D:11     | Reached XP level 12. HP: 126/126 MP: 14/14
 11138 | D:11     | Noticed a two-headed ogre
 11150 | D:11     | Killed a two-headed ogre
 11699 | D:12     | Noticed a five-headed hydra
 11726 | D:12     | Killed a six-headed hydra
 12178 | D:12     | Reached skill level 15 in Unarmed Combat
 12615 | Lair:1   | Entered Level 1 of the Lair of Beasts
 12638 | Lair:1   | Reached skill level 5 in Invocations
 12696 | Lair:1   | Noticed an eight-headed hydra
 12708 | Lair:1   | Killed an eight-headed hydra
 13602 | Lair:2   | Found a frozen archway.
 13657 | IceCv    | Entered an ice cave
 14027 | IceCv    | Reached XP level 13. HP: 107/131 MP: 18/18
 14084 | IceCv    | Reached skill level 5 in Dodging
 14233 | IceCv    | Noticed a frost giant
 14240 | IceCv    | Killed a frost giant
 14486 | IceCv    | Learned a level 2 spell: Blink
 15525 | Lair:3   | Reached skill level 16 in Unarmed Combat
 15909 | Lair:3   | Found a staircase to the Snake Pit.
 16647 | Lair:4   | Found a staircase to the Swamp.
 16725 | Lair:4   | Found a runed door.
 17102 | Lair:4   | Noticed an entropy weaver
 17111 | Lair:4   | Reached skill level 17 in Unarmed Combat
 17250 | Lair:4   | Killed an entropy weaver
 17307 | Lair:4   | Noticed an entropy weaver
 17319 | Lair:4   | Killed an entropy weaver
 17535 | Lair:4   | Noticed an entropy weaver
 17552 | Lair:4   | Killed an entropy weaver
 17552 | Lair:4   | Reached XP level 14. HP: 101/141 MP: 19/19
 17624 | Lair:4   | Noticed an entropy weaver
 17634 | Lair:4   | Killed an entropy weaver
 17657 | Lair:4   | Noticed an entropy weaver
 17662 | Lair:4   | Killed an entropy weaver
 17768 | Lair:4   | Reached skill level 18 in Unarmed Combat
 17776 | Lair:4   | Got a pitted plate armour
 17903 | Lair:5   | Found a staircase to the Slime Pits.
 17905 | Lair:5   | Found a viscous altar of Jiyva.
 18487 | Lair:6   | Entered Level 6 of the Lair of Beasts
 18490 | Lair:6   | Found the cursed +13 scythe of Curses {drain, *Curse}
 19267 | Lair:6   | Found a large runed door.
 19268 | Lair:6   | Found a large runed door.
 20155 | Orc:1    | Entered Level 1 of the Orcish Mines
 20306 | Orc:2    | Entered Level 2 of the Orcish Mines
 20311 | Orc:2    | Noticed Donald
 20329 | Orc:1    | Killed Donald
 20433 | Orc:2    | Found Ycuczu's Antique Armour Emporium.
 20456 | Orc:2    | Found Leqaulif's Weapon Boutique.
 20519 | Orc:2    | Reached ****** piety under Qazlal
 20593 | Orc:2    | Reached skill level 1 in Shields
 20810 | Orc:2    | Noticed an orc warlord
 20821 | Orc:2    | Killed an orc warlord
 21104 | Orc:2    | Reached skill level 5 in Shields
 21115 | Orc:2    | Reached XP level 15. HP: 141/154 MP: 20/20
 21229 | Orc:2    | Found Damarr's Weapon Emporium.
 21229 | Orc:2    | Found Bofaarru's Assorted Antiques.
 21231 | Orc:2    | Found Ifra's Food Emporium.
 21231 | Orc:2    | Found Jelyps's General Store.
 21308 | Orc:2    | Found a roughly hewn altar of Beogh.
 21424 | Orc:2    | Found Zepo Nud's Book Shop.
 21429 | Orc:2    | Found Ymaulu Iroann's Armour Boutique.
 21460 | Orc:2    | Noticed an orc warlord
 21497 | Orc:2    | Killed an orc warlord
 21820 | Orc:2    | Found a staircase to the Elven Halls.
 22043 | Orc:1    | Noticed Harold
 22052 | Orc:1    | Killed Harold
 22230 | Orc:1    | Noticed Josephine
 22363 | Orc:1    | Killed Josephine
 22415 | Orc:1    | Found Uptith's Antique Weapon Emporium.
 22635 | Orc:1    | Found a roughly hewn altar of Beogh.
 23003 | Orc:2    | Bought a thick robe for 193 gold pieces
 23003 | Orc:2    | Found the thick robe
 23013 | Orc:2    | Identified the cursed -5 robe of Misfortune {-Cast *Contam *Tele *Drain EV-5 Stlth-- *Curse} (You bought it in a shop on level 2 of the Orcish Mines)
 23043 | Orc:2    | Gained mutation: You are frail. (-10% HP) [mutagenic glow]
 23120 | Orc:2    | Lost mutation: You are frail. (-10% HP) [potion of mutation]
 23120 | Orc:2    | Gained mutation: You are frail. (-10% HP) [potion of mutation]
 23120 | Orc:2    | Gained mutation: You are very frail. (-20% HP) [potion of mutation]
 23120 | Orc:2    | Gained mutation: Your mind is acute. (Int +2) [potion of mutation]
 23120 | Orc:2    | Gained mutation: You are partially covered in iridescent scales. (AC +2) [potion of mutation]
 23121 | Orc:2    | Lost mutation: You are partially covered in iridescent scales. (AC +2) [potion of mutation]
 23121 | Orc:2    | Lost mutation: Your mind is acute. (Int +2) [potion of mutation]
 23121 | Orc:2    | Lost mutation: You are very frail. (-20% HP) [potion of mutation]
 23121 | Orc:2    | Gained mutation: You tend to lose your temper in combat. [potion of mutation]
 23121 | Orc:2    | Gained mutation: You have a pair of small antennae on your head. [potion of mutation]
 23122 | Orc:2    | Lost mutation: You tend to lose your temper in combat. [potion of mutation]
 23122 | Orc:2    | Lost mutation: You are frail. (-10% HP) [potion of mutation]
 23122 | Orc:2    | Lost mutation: You have a pair of small antennae on your head. [potion of mutation]
 23122 | Orc:2    | Gained mutation: Your mind is acute. (Int +2) [potion of mutation]
 23122 | Orc:2    | Gained mutation: Your body sometimes deteriorates upon taking damage. [potion of mutation]
 23122 | Orc:2    | Gained mutation: Your system is resistant to poisons. (rPois) [potion of mutation]
 23643 | D:13     | Found a deep blue altar of Sif Muna.
 23792 | D:13     | Found the +8 orange crystal plate armour {Archmagi, Int+3 Clar}
 24050 | D:14     | Found a gate to the Vaults.
 24450 | D:14     | Reached skill level 1 in Armour
 25565 | D:14     | Found a portal to a secret trove of treasure.
 25623 | D:14     | Found the +3 giant club "Skullcrusher" {speed, Str+7}
 26212 | Orc:2    | Bought storm dragon scales for 2720 gold pieces
 26394 | D:15     | Entered Level 15 of the Dungeon
 26488 | D:15     | Reached skill level 5 in Armour
 26598 | D:15     | Reached XP level 16. HP: 147/163 MP: 21/21
 26625 | D:15     | Reached skill level 10 in Shields
 27053 | D:15     | Found a staircase to the Depths.
 27503 | Snake:1  | Entered Level 1 of the Snake Pit
 29986 | D:10     | Bought a +3 amulet of reflection for 219 gold pieces
 30239 | Snake:3  | Reached XP level 17. HP: 140/170 MP: 15/22
 31064 | Snake:4  | Entered Level 4 of the Snake Pit
 31178 | Snake:4  | Reached skill level 10 in Armour
 31689 | Snake:4  | Noticed Kirke
 31707 | Snake:4  | Killed Kirke
 32007 | Snake:4  | Got a serpentine rune of Zot
 32111 | Snake:4  | Reached XP level 18. HP: 163/182 MP: 23/23
 32742 | Vaults:1 | Entered Level 1 of the Vaults
 32750 | Vaults:1 | Noticed Saint Roka
 32764 | Vaults:1 | Killed Saint Roka
 32988 | Vaults:1 | Found a magical portal.
 32998 | WizLab   | Entered Wucad Mu's Monastery
 33119 | WizLab   | Found the +9 staff of Wucad Mu {channel}
 33328 | WizLab   | Reached XP level 19. HP: 189/189 MP: 24/24
 35254 | Vaults:2 | Reached skill level 15 in Shields
 35415 | Vaults:2 | Reached skill level 15 in Armour
 35428 | Vaults:2 | Noticed a Tzitzimitl
 35541 | Vaults:2 | Reached XP level 20. HP: 166/198 MP: 25/25
 36023 | Vaults:2 | Found Dubruzic's Assorted Antiques.
 36081 | Vaults:2 | Found a staircase to the Crypt.
 36872 | Vaults:3 | Paralysed by a sphinx for 2 turns
 36911 | Vaults:3 | Cast into level 3 of the Abyss (a lich)
 37020 | Abyss:3  | Reached skill level 19 in Unarmed Combat
 37051 | Vaults:3 | Escaped the Abyss
 37956 | Vaults:4 | Noticed Jory
 37983 | Vaults:4 | Found Dugixt's Jewellery Emporium.
 37990 | Vaults:4 | Found Vohegiat's Distillery.
 37992 | Vaults:4 | Found Painkut's Weapon Emporium.
 38162 | Vaults:4 | Found a flickering gateway to a bazaar.
 38167 | Bazaar   | Entered a bazaar
 38171 | Bazaar   | Found Foneky's Jewellery Boutique.
 38189 | Bazaar   | Found Siogalig's Antique Armour Emporium.
 38206 | Bazaar   | Found Qeiskor's Antique Armour Boutique.
 38223 | Bazaar   | Found Waass's Gadget Shoppe.
 38245 | Bazaar   | Bought the ring "Itakuj" {+Fly rN+ MR+ Slay+6} for 539 gold pieces
 38613 | Vaults:4 | Reached skill level 20 in Unarmed Combat
 38639 | Vaults:4 | Killed Jory
 38639 | Vaults:4 | Reached XP level 21. HP: 126/210 MP: 26/26
 40258 | Elf:1    | Entered Level 1 of the Elven Halls
 40364 | Elf:1    | Noticed Arum's ghost (adept GnWn)
 40487 | Elf:1    | Cast into level 2 of the Abyss (deep elf knight)
 40868 | Abyss:2  | Paralysed by accursed screaming for 1 turns
 40927 | Abyss:2  | Gained mutation: Your magical capacity is low. (-10% MP) [a neqoxec]
 40964 | Elf:1    | Escaped the Abyss
 41272 | Elf:1    | Killed Arum's ghost
 41421 | Elf:1    | Got a scorched morningstar
 42029 | Elf:2    | Noticed Nikola
 42039 | Elf:2    | Killed Nikola
 42173 | Elf:2    | Reached skill level 21 in Unarmed Combat
 42230 | Elf:2    | Found a runed gate.
 42230 | Elf:2    | Found a runed gate.
 42233 | Elf:2    | Found a runed gate.
 42687 | Elf:3    | Entered Level 3 of the Elven Halls
 42939 | Elf:3    | Reached skill level 15 in Fighting
 42970 | Elf:3    | Reached XP level 22. HP: 227/227 MP: 24/24
 42990 | Elf:3    | Got a twitching pewter ring
 42990 | Elf:3    | Got a smoking rapier {venom}
 43069 | Elf:3    | Got a crude graven amulet
 43264 | Elf:3    | Got a brightly glowing marble ring
 43475 | Elf:3    | Got a scintillating tin ring
 43556 | Elf:3    | Identified the ring of Cohistru {Wiz rElec} (You took it off a deep elf elementalist on level 3 of the Elven Halls)
 43559 | Elf:3    | Identified the ring "Sonyac" {Wiz Str+3} (You took it off a deep elf mage on level 3 of the Elven Halls)
 43562 | Elf:3    | Identified the ring "Ratridoi" {rElec rPois rF- rN+++ Dex+2} (You took it off a deep elf master archer on level 3 of the Elven Halls)
 43566 | Elf:3    | Identified the amulet of Tojus {rN+ Regen+} (You found it on level 3 of the Elven Halls)
 43602 | Elf:3    | Identified a scroll of acquirement
 43607 | Elf:3    | Got a brightly glowing hand crossbow
 43654 | Elf:3    | Found the +0 mask of the Dragon {MR+ Slay+3 SInv}
 43669 | Elf:3    | Identified the Catalogue of the Blaze
 43677 | Elf:3    | Identified The Compendium of Greatest Risks and Utility
 43979 | Elf:3    | Identified Sif Muna's Incunabulum of Transformation and Evil Rituals
 44435 | Crypt:1  | Entered Level 1 of the Crypt
 44798 | Crypt:1  | Reached skill level 22 in Unarmed Combat
 46102 | Crypt:3  | Entered Level 3 of the Crypt
 46124 | Crypt:3  | Noticed Jorgrun
 46135 | Crypt:2  | Killed Jorgrun
 46155 | Crypt:3  | Reached skill level 10 in Invocations
 46408 | Crypt:3  | Noticed Sojobo
 46569 | Crypt:2  | Killed Sojobo
 46651 | Crypt:2  | Reached XP level 23. HP: 230/236 MP: 27/27
 47237 | Crypt:3  | Found an ancient bone altar of Kikubaaqudgha.
 47244 | Crypt:3  | Found a basalt altar of Yredelemnul.
 47285 | Crypt:3  | Noticed Mara
 47314 | Crypt:3  | Killed Mara
 47535 | Crypt:3  | Found the +0 Maxwell's etheric cage {RegenMP+ *Contam rElec MP+4}
 47544 | Crypt:3  | Got a scorched morningstar
 47579 | Crypt:3  | Got a pitted iron ring
 47581 | Crypt:3  | Identified Meossodd's Incunabulum of Talismans and Flames
 47725 | Crypt:3  | Found a staircase to the Tomb.
 47752 | Crypt:3  | Identified the ring of Bikin {rF+ rC+ rN+ Dex+6} (You found it on level 3 of the Crypt)
 47922 | Depths:1 | Entered Level 1 of the Depths
 48070 | Depths:1 | Found a gateway to Hell.
 48564 | Depths:2 | Reached skill level 23 in Unarmed Combat
 48661 | Depths:2 | Noticed Bai Suzhen
 48675 | Depths:2 | Killed Bai Suzhen
 48748 | Depths:2 | Found a gateway to a ziggurat.
 48823 | Depths:2 | Found an ancient bone altar of Kikubaaqudgha.
 48823 | Depths:2 | Found a bloodstained altar of Trog.
 48824 | Depths:2 | Found a white marble altar of Elyvilon.
 49123 | Depths:2 | Reached skill level 10 in Dodging
 49186 | Depths:2 | Reached XP level 24. HP: 229/245 MP: 27/27
 49458 | Depths:2 | Identified the Incunabulum of Conjuration
 49464 | Depths:2 | Got an iridescent hunting sling
 50820 | Depths:3 | Found a one-way gate leading to the halls of Pandemonium.
 50908 | Depths:3 | Noticed a juggernaut
 50915 | Depths:3 | Killed a juggernaut
 51036 | Depths:3 | Found the +8 glaive of the Guard {elec, +Rage AC+5 SInv}
 51663 | Depths:4 | Reached skill level 15 in Dodging
 51778 | Depths:4 | Reached XP level 25. HP: 219/253 MP: 27/27
 51802 | Depths:4 | Got a vibrating silver ring
 51921 | Depths:4 | Found Hyseopu's Weapon Emporium.
 52232 | Depths:4 | Found a one-way gate to the infinite horrors of the Abyss.
 52431 | Depths:5 | Entered Level 5 of the Depths
 53753 | Depths:5 | Found a gate to the Realm of Zot.
 53795 | Depths:5 | Identified the ring "Vearouly" {Fire Str+5 Stlth-} (You took it off a tengu reaver on level 4 of the Depths)
 53863 | Hell     | Entered the Vestibule of Hell
 53863 | Hell     | Noticed Geryon
 55774 | Hell     | Killed Geryon
 55829 | Hell     | Found a gateway to the Iron City of Dis.
 55892 | Hell     | Found a gateway to the ashen valley of Gehenna.
 55959 | Hell     | Reached XP level 26. HP: 103/276 MP: 27/27
 56141 | Hell     | Found a gateway to the decaying netherworld of Tartarus.
 56204 | Hell     | Found a gateway to the freezing wastes of Cocytus.
 56523 | D:14     | You paid a toll of the horn of Geryon to enter a treasure trove
 56524 | Trove    | Entered a treasure trove
 56543 | Trove    | Got a steaming tin ring
 56547 | Trove    | Got a faintly glowing lead amulet
 56571 | Trove    | Identified Sif Muna's Almanac of the Supportive Voyage
 56612 | Trove    | Reached XP level 27. HP: 284/284 MP: 27/27
 56621 | D:14     | Identified the amulet of the Lumpy Mice {Spirit rPois} (You found it in a treasure trove)
 56623 | D:14     | Identified the ring of Diekkeq {+Fly rPois rC- Dex+2 Stlth+} (You found it in a treasure trove)
 56879 | Swamp:1  | Entered Level 1 of the Swamp
 57539 | Swamp:2  | Reached skill level 24 in Unarmed Combat
 58846 | Swamp:4  | Entered Level 4 of the Swamp
 58961 | Swamp:4  | Reached skill level 15 in Invocations
 59732 | Swamp:4  | Got a decaying rune of Zot
 60232 | Vaults:5 | Entered Level 5 of the Vaults
 60232 | Vaults:5 | Noticed Boris
 60564 | Vaults:4 | Killed Boris
 60685 | Vaults:4 | Got a bound bronze ring
 61019 | Vaults:5 | Reached skill level 25 in Unarmed Combat
 61113 | Vaults:5 | Got a smoking silver ring
 61356 | Vaults:5 | Reached skill level 26 in Unarmed Combat
 61489 | Vaults:5 | Noticed Xtahua
 61496 | Vaults:5 | Killed Xtahua
 61661 | Vaults:5 | Found the +2 shield of Resistance {rF+ rC+ MR+}
 61662 | Vaults:5 | Identified The Intricacies of Spellcasting
 61707 | Vaults:5 | Identified the ring "Ciciedgho" {Fire Dex+2 Slay+6} (You took it off a frost giant on level 5 of the Vaults)
 61721 | Vaults:5 | Identified the ring "Zeocyewum" {rElec rF+ Str+3 SInv Stlth-} (You took it off a deep elf high priest on level 4 of the Vaults)
 61735 | Vaults:5 | Got a shimmering granite ring
 61771 | Vaults:5 | Identified the ring of Emaan {Fire Int+7} (You found it on level 5 of the Vaults)
 62100 | Vaults:5 | Got a translucent scimitar {slice}
 62465 | Vaults:5 | Got a silver rune of Zot
 62523 | Vaults:4 | Bought 2 potions of cancellation for 272 gold pieces
 62523 | Vaults:4 | Bought a potion of heal wounds for 85 gold pieces
 62523 | Vaults:4 | Bought a potion of might for 68 gold pieces
 62523 | Vaults:4 | Bought a potion of heal wounds for 85 gold pieces
 62523 | Vaults:4 | Bought a potion of flight for 51 gold pieces
 62523 | Vaults:4 | Bought a potion of flight for 51 gold pieces
 62523 | Vaults:4 | Bought a potion of curing for 51 gold pieces
 62624 | Vaults:2 | Bought a potion of heal wounds for 165 gold pieces
 62624 | Vaults:2 | Bought a scroll of fog for 66 gold pieces
 62624 | Vaults:2 | Bought a phantom mirror for 990 gold pieces
 62624 | Vaults:2 | Bought a scroll of fear for 115 gold pieces
 62907 | Orc:2    | Bought a scroll of magic mapping for 91 gold pieces
 62907 | Orc:2    | Bought a potion of mutation for 208 gold pieces
 63353 | Zot:1    | Entered Level 1 of the Realm of Zot
 63522 | Depths:5 | Reached skill level 27 in Unarmed Combat
 65404 | Zot:4    | Got a crystal triple sword {slice}
 65408 | Zot:4    | Got a steaming flail {elec}
 65411 | Zot:4    | Identified the +9 triple sword "Yboagon" {slice, rC+ Stlth+} (You took it off a green draconian on level 4 of the Realm of Zot)
 65428 | Zot:5    | Entered Level 5 of the Realm of Zot
 65559 | Zot:5    | Noticed an ancient lich
 65569 | Zot:5    | Killed an ancient lich
 65609 | Zot:5    | Noticed an ancient lich
 65658 | Zot:5    | Killed an ancient lich
 65731 | Zot:5    | Noticed an orb of fire
 65731 | Zot:5    | Noticed an ancient lich
 65731 | Zot:5    | Noticed an orb of fire
 65732 | Zot:5    | Gained mutation: You are frail. (-10% HP) [an orb of fire]
 65736 | Zot:5    | Noticed an orb of fire
 65737 | Zot:5    | Killed an orb of fire
 65741 | Zot:5    | Killed an ancient lich
 65745 | Zot:5    | Killed an orb of fire
 65746 | Zot:5    | Gained mutation: Armour fits poorly on your strangely shaped body. [an orb of fire]
 65752 | Zot:5    | Killed an orb of fire
 65770 | Zot:5    | Noticed an orb of fire
 65774 | Zot:5    | Noticed an ancient lich
 65780 | Zot:5    | Killed an orb of fire
 65786 | Zot:5    | Noticed an ancient lich
 65787 | Zot:5    | Killed an ancient lich
 65796 | Zot:5    | Killed an ancient lich
 65821 | Zot:5    | Lost mutation: Your mind is acute. (Int +2) [potion of mutation]
 65821 | Zot:5    | Lost mutation: Your body sometimes deteriorates upon taking damage. [potion of mutation]
 65821 | Zot:5    | Lost mutation: Your system is resistant to poisons. (rPois) [potion of mutation]
 65821 | Zot:5    | Gained mutation: You have supernaturally acute eyesight. (SInv) [potion of mutation]
 65821 | Zot:5    | Gained mutation: Your flesh is heat resistant. (rF+) [potion of mutation]
 65821 | Zot:5    | Gained mutation: Your spells are a little harder to cast, but a little more powerful. [potion of mutation]
 65822 | Zot:5    | Lost mutation: Armour fits poorly on your strangely shaped body. [potion of mutation]
 65822 | Zot:5    | Lost mutation: You are frail. (-10% HP) [potion of mutation]
 65822 | Zot:5    | Lost mutation: Your magical capacity is low. (-10% MP) [potion of mutation]
 65822 | Zot:5    | Gained mutation: Your movements are slightly less encumbered by armour. (ER -2) [potion of mutation]
 65822 | Zot:5    | Gained mutation: You have an increased reservoir of magic. (+10% MP) [potion of mutation]
 66035 | Zot:5    | Noticed an ancient lich
 66042 | Zot:5    | Killed an ancient lich
 66071 | Zot:5    | Got the Orb of Zot
 66520 | D:15     | Noticed Lopsoop the pandemonium lord
 66531 | D:15     | Killed Lopsoop the pandemonium lord
 66706 | D:8      | Noticed Lazot the pandemonium lord
 66856 | D:3      | Noticed Cehiffuwn the pandemonium lord
 66862 | D:3      | Killed Cehiffuwn the pandemonium lord
 66897 | D:2      | Noticed Vetuts the pandemonium lord
 66903 | D:2      | Noticed an ancient lich
 66910 | D:2      | Killed Vetuts the pandemonium lord
 66915 | D:2      | Killed an ancient lich
 66953 | D:$      | Escaped with the Orb!

Vault maps used:
D:1:      shiori_arrival_oz
D:2:      minmay_nonomino_d4
D:3:      nicolae_gozag_cash_rules_everything_around_me
D:4:      first_ration, uniq_menkaure
D:5:      uniq_eustachio, uniq_sigmund
D:6:      minmay_temple_entry_crystal_x, cheibrodos_sewer_entry_bend
D:7:      grunt_temple_overflow_holy_war, grunt_ogre_cave
D:8:      grunt_lair_entry_orc_guard_hut, nicolae_ossuary_entry_monument
D:9:      minmay_overflow_temple_star_hex, lemuel_doored_altar,
          minmay_item_behind_shaft, grunt_ministairs_5, uniq_erica
D:10:     erik_orc_2, serial_shops, shop
D:11:     lemuel_slime
D:13:     tgw_sif
D:14:     david_vaults_3, enter_trove_1, small_statue_alley_a,
          minmay_guarded_unrand_skullcrusher
D:15:     grunt_enter_depths_snipers, hangedman_decor_peaks_small
Temple:   minmay_temple_curvy_branch
Lair:2:   dpeg_oklob_gauntlet, portal_ice_cave_entry_ice_beasts,
          roderic_carrion_pond
Lair:3:   minmay_snake_entry_guardpost_large, wad_woods_antlair
Lair:4:   gammafunk_mikee_crab_dinner, swamp_mist, serial_bayou,
          serial_bayou_lake_a, serial_bayou_pond_a, serial_bayou_crossing,
          serial_bayou_shore_b
Lair:5:   slime_altar_1, kennysheep_abandoned_house
Lair:6:   cheibrodos_lair_end_hotspot
Swamp:1:  evilmike_swamp_ruin_house_6, swamp_pool4
Swamp:2:  hangedman_swamp_diagram, swamp_pool1,
          nicolae_swamp_feature_on_the_river_bank
Swamp:3:  hangedman_swamp_lotus
Swamp:4:  swamp
Snake:2:  serial_bayou_lagoon_b, grunt_megastairs_2
Snake:4:  snake_pit, serial_bayou, serial_bayou_pond_e, serial_bayou_pond_e,
          serial_bayou_pond_c, serial_bayou_shore_a, uniq_kirke
Orc:1:    serial_shops, shop_statue, lemuel_statue_altar, uniq_josephine,
          uniq_harold
Orc:2:    grunt_orc_tribal_feast, serial_shops, shop, nicolae_shop_stone,
          nicolae_shop_window_shopping, nicolae_shop_behind_doors, basic_altar,
          minmay_orc_treasury, uniq_donald
Elf:1:    eino_elf_arrival_shootout, kennysheep_underground_church
Elf:2:    lemuel_elevator, uniq_nikola
Elf:3:    grunt_elf_hall_diamonds, hangedman_glass_teeth,
          minmay_misc_feat_diagonals
Vaults:1: vaults_mumra_chevron_long, ontoclasm_vaults_ring_square, v_misc_23,
          v_misc_25, serial_ice_m, vaults_dpeg_hooks, vaults_room_pools,
          nicolae_vaults_yaktaur_gun_rack, mu_enter_wizlab_4, uniq_saint_roka
Vaults:2: hangedman_vaults_maws, v_misc_23, nicolae_vaults_gold_heap, v_misc_2,
          minmay_crypt_entry_simple_round, ontoclasm_vaults_chip,
          hangedman_vaults_slither, ontoclasm_vaults_misaligned,
          nicolae_vaults_network_barrier, v_misc_27, vaults_mumra_chevron,
          serial_shops, shop
Vaults:3: v_misc_4, v_alt_pattern_1, vaults_dpeg_doors, v_pattern_3,
          vaults_mumra_lcd, v_misc_22, grunt_vaults_focal, v_misc_33,
          nicolae_vaults_little_ls, ontoclasm_vaults_shuriken,
          nicolae_vaults_little_squares_4, v_misc_25, v_misc_27,
          nicolae_vaults_asterisk, vaults_room_fancy_cross,
          ontoclasm_vaults_spin, vaults_mumra_hex
Vaults:4: nicolae_vaults_what_the_h, hangedman_vaults_hard_town_square,
          v_misc_3, vaults_room_hallway, ontoclasm_vaults_claustrophobia,
          v_misc_30, hangedman_vaults_capsules, nicolae_vaults_specimen_jars,
          serial_shops, bzr_entry_road, uniq_jory
Vaults:5: uniq_boris, uniq_xtahua
Crypt:2:  roderic_lattice_octagonal_star
Crypt:3:  lightli_unholy_cathedral,
          nicolae_tomb_entry_unfolded_pyramid_orthogonal, uniq_mara,
          uniq_jorgrun, uniq_sojobo
Depths:1: hell_entry, nrook_mini_vaults, nrook_uturn, serial_bayou_pond_d,
          lemuel_flamethrower_2
Depths:2: hangedman_slaughterboxes, serial_shops, hell_entry, uniq_bai_suzhen
Depths:3: minmay_guarded_unrand_guard, rand_demon_pan_entry_8, hell_entry,
          infiniplex_staircase_river
Depths:4: evilmike_pillar_path, hell_entry, minmay_room_of_horrors,
          serial_shops, shop, serial_bayou_pond_b
Depths:5: grunt_zot_entry_gee_three, hell_entry, hangedman_decor_growths,
          grunt_pan_entry_in_and_out, minmay_gold_behind_fungi
Zot:1:    grunt_zot_stairs_faceoff
Zot:4:    cheibrodos_zot_enchanting_chambers, st_stairs_1,
          st_large_dragon_hoard_2
Abyss:2:  minivault_26
Abyss:3:  nicolae_abyss_rune_left_handed
Bazaar:   bazaar_jpeg_circle_common
Trove:    trove_garden
Sewer:    sewer_kobolds
Ossuary:  ossuary_tomb_2
IceCv:    ice_cave_caverns_02
WizLab:   wizlab_wucad

Skill      XL: |  1  2  3  4  5  6  7  8  9 10 11 12 13 14 15 16 17 18 19 20 21 22 23 24 25 26 27 |
---------------+----------------------------------------------------------------------------------+-----
Unarmed Combat | 1 2 3 5 6 7 10 12 14 15 17 18 20 21 22 23 27 | 27.0
Fighting       | 3 4 5 8 10 12 13 15 16 19 25 | 25.0
Invocations    | 4 8 11 12 17 | 17.6
Dodging        | 4 5 10 15 | 15.0
Shields        | 5 9 11 13 14 15 | 15.0
Armour         | 5 9 11 12 15 16 | 16.1
Stealth        | |  1.0
Spellcasting   | |  1.2
Necromancy     | |  3.2

Action                   |  1- 3 |  4- 6 |  7- 9 | 10-12 | 13-15 | 16-18 | 19-21 | 22-24 | 25-27 || total
-------------------------+-------+-------+-------+-------+-------+-------+-------+-------+-------++-------
Melee: Unarmed           |    98 |   172 |   350 |   840 |  1316 |  1057 |  1574 |  1671 |  2232 ||  9310
       Punch             |       |       |    11 |    55 |    39 |       |       |       |       ||   105
Invok: Upheaval          |       |       |       |     3 |    14 |       |     6 |       |     6 ||    29
       Elemental Force   |       |       |       |       |     3 |       |       |       |       ||     3
       Disaster Area     |       |       |       |       |     3 |     6 |     7 |     4 |     7 ||    27
 Abil: Evoke Berserk Rag |     1 |     2 |     5 |     5 |     6 |       |       |       |       ||    19
Evoke: Wand              |       |       |       |     5 |     9 |       |     3 |     2 |     9 ||    28
       Lamp of fire      |       |       |       |       |       |       |     1 |       |       ||     1
  Use: Scroll            |       |       |     2 |    17 |    18 |     6 |    13 |     8 |    13 ||    77
       Potion            |       |       |     1 |       |     8 |     2 |     5 |     2 |    12 ||    30
 Stab: Sleeping          |     3 |     1 |     1 |       |       |       |       |       |       ||     5
       Invisible         |       |       |       |       |     3 |       |       |       |       ||     3
       Distracted        |       |       |       |       |       |       |       |     2 |     1 ||     3
  Eat: Chunk             |    12 |    26 |    40 |    91 |   112 |    42 |    74 |    52 |    97 ||   546
       Ration            |       |       |       |       |     1 |     6 |     5 |     8 |    10 ||    30
Armor: Robe              |    42 |    45 |    96 |   206 |   174 |       |       |       |       ||   563
       Skin              |       |       |       |       |    87 |       |       |       |       ||    87
       Storm dragon scal |       |       |       |       |    19 |   264 |   367 |   393 |   657 ||  1700
Dodge: Dodged            |    47 |    80 |   159 |   317 |   392 |   131 |   182 |   252 |   632 ||  2192
       Deflected         |       |       |       |     5 |    25 |    22 |    13 |    10 |    40 ||   115
Block: Other             |       |       |     3 |   121 |   152 |       |       |       |       ||   276
       Shield            |       |       |       |       |   538 |   286 |       |       |   611 ||  1435
       Reflection        |       |       |       |       |    47 |   122 |   125 |    80 |    67 ||   441
       Large shield      |       |       |       |       |       |   873 |  1651 |  1814 |  2004 ||  6342

Table legend:
 A = Spawn XP
 B = Non-spawn XP
 C = Spawn XP percentage of total XP
 D = Spawn monster count
 E = Non-spawn monster count
 F = Spawn count percentage of total count
 G = Total turns spent on level
                    A         B        C        D         E        F      G
               +---------+---------+-------+---------+---------+-------+---------
         Total |   28663 | 1923015 |   1.5 |      47 |    2748 |   1.7 | 66953
               +---------+---------+-------+---------+---------+-------+---------
           D:1 |       0 |      46 |   0.0 |       0 |      26 |   0.0 |   672
           D:2 |       0 |     114 |   0.0 |       0 |      34 |   0.0 |  1221
           D:3 |       0 |     254 |   0.0 |       0 |      14 |   0.0 |   752
           D:4 |       0 |     430 |   0.0 |       0 |      22 |   0.0 |   881
           D:5 |       0 |    1012 |   0.0 |       0 |      29 |   0.0 |  1170
           D:6 |       0 |    1261 |   0.0 |       0 |      20 |   0.0 |  1124
           D:7 |       0 |    2496 |   0.0 |       0 |      34 |   0.0 |  1139
           D:8 |       0 |    3730 |   0.0 |       0 |      31 |   0.0 |  1287
           D:9 |       0 |    3254 |   0.0 |       0 |      46 |   0.0 |  1033
          D:10 |       0 |    4108 |   0.0 |       0 |      46 |   0.0 |  1666
          D:11 |       0 |    5405 |   0.0 |       0 |      45 |   0.0 |  1770
          D:12 |       0 |    3767 |   0.0 |       0 |      22 |   0.0 |  1278
          D:13 |       0 |   10585 |   0.0 |       0 |      49 |   0.0 |  1779
          D:14 |       0 |   17840 |   0.0 |       0 |      67 |   0.0 |  1000
          D:15 |       0 |   20506 |   0.0 |       0 |      40 |   0.0 |  1101
        Lair:1 |       0 |    3163 |   0.0 |       0 |      12 |   0.0 |  1296
        Lair:2 |       0 |    4886 |   0.0 |       0 |      26 |   0.0 |  1012
        Lair:3 |       0 |    6022 |   0.0 |       0 |      34 |   0.0 |  1166
        Lair:4 |       0 |   18267 |   0.0 |       0 |      33 |   0.0 |  1574
        Lair:5 |       0 |    3880 |   0.0 |       0 |      23 |   0.0 |   789
        Lair:6 |       0 |   13439 |   0.0 |       0 |      47 |   0.0 |  1307
       Swamp:1 |       0 |    7766 |   0.0 |       0 |      23 |   0.0 |   648
       Swamp:2 |       0 |   15873 |   0.0 |       0 |      42 |   0.0 |   760
       Swamp:3 |       0 |   10375 |   0.0 |       0 |      33 |   0.0 |   826
       Swamp:4 |       0 |   29194 |   0.0 |       0 |      46 |   0.0 |   736
       Snake:1 |       0 |   18905 |   0.0 |       0 |      36 |   0.0 |  1560
       Snake:2 |       0 |   26753 |   0.0 |       0 |      45 |   0.0 |  1237
       Snake:3 |       0 |   27018 |   0.0 |       0 |      49 |   0.0 |   550
       Snake:4 |       0 |   54552 |   0.0 |       0 |      85 |   0.0 |  1339
         Orc:1 |       0 |    7716 |   0.0 |       0 |      43 |   0.0 |   813
         Orc:2 |       0 |   22198 |   0.0 |       0 |     114 |   0.0 |  2611
         Elf:1 |       0 |   29847 |   0.0 |       0 |      50 |   0.0 |  1156
         Elf:2 |       0 |   13319 |   0.0 |       0 |      17 |   0.0 |   677
         Elf:3 |       0 |   75143 |   0.0 |       0 |      69 |   0.0 |  1455
      Vaults:1 |       0 |   32258 |   0.0 |       0 |      77 |   0.0 |  1809
      Vaults:2 |       0 |   71753 |   0.0 |       0 |      97 |   0.0 |  1929
      Vaults:3 |     374 |   32309 |   1.1 |       2 |      39 |   4.9 |  1994
      Vaults:4 |       0 |  119523 |   0.0 |       0 |     120 |   0.0 |  2643
      Vaults:5 |       0 |  158969 |   0.0 |       0 |     135 |   0.0 |  1452
       Crypt:1 |       0 |   28398 |   0.0 |       0 |      48 |   0.0 |   667
       Crypt:2 |       0 |   40383 |   0.0 |       0 |      48 |   0.0 |  1283
       Crypt:3 |       0 |   74405 |   0.0 |       0 |      84 |   0.0 |  1112
      Depths:1 |       0 |   14898 |   0.0 |       0 |      21 |   0.0 |   881
      Depths:2 |       0 |  122620 |   0.0 |       0 |     109 |   0.0 |  1883
      Depths:3 |       0 |   61990 |   0.0 |       0 |      60 |   0.0 |   905
      Depths:4 |       0 |   89983 |   0.0 |       0 |      82 |   0.0 |  1375
      Depths:5 |       0 |  128946 |   0.0 |       0 |     125 |   0.0 |  3543
          Hell |       0 |   23369 |   0.0 |       0 |      38 |   0.0 |   703
         Zot:1 |       0 |   80215 |   0.0 |       0 |      48 |   0.0 |   834
         Zot:2 |       0 |   43894 |   0.0 |       0 |      25 |   0.0 |   341
         Zot:3 |       0 |   20509 |   0.0 |       0 |      12 |   0.0 |   137
         Zot:4 |       0 |   80081 |   0.0 |       0 |      51 |   0.0 |   599
         Zot:5 |       0 |  205573 |   0.0 |       0 |      58 |   0.0 |   663
       Abyss:2 |   21624 |    5588 |  79.5 |      38 |      15 |  71.7 |   477
       Abyss:3 |    6665 |   10186 |  39.6 |       7 |      10 |  41.2 |   140
         Sewer |       0 |     108 |   0.0 |       0 |       8 |   0.0 |   195
       Ossuary |       0 |     562 |   0.0 |       0 |      34 |   0.0 |   306
         IceCv |       0 |   12143 |   0.0 |       0 |      51 |   0.0 |   884
        WizLab |       0 |    1228 |   0.0 |       0 |       1 |   0.0 |   350
               +---------+---------+-------+---------+---------+-------+---------
